[ AOE2 MATCH · #495837684 ]
UnrankedCelts vs Aztecs
Player's team · WIN
Rival team · LOSS
[ REPLAY ANALYSIS · EXTRACTED FROM THE RECORDED GAME ]
Feudal
10:36
Castle
21:59
Imperial
39:57
| APM avg | 44.2 |
| APM peak | 115 |
| eAPM avg | 24.7 |
| Villagers / military | 124 / 115 |
Focus
⚔️ 26.6% · 🌾 73.4%
Woad Raider ×44 · Mangonel ×27 · Scout Cavalry ×17 · Militia ×14 · Scorpion ×5 · Skirmisher ×5
Feudal
9:56
Castle
22:33
Imperial
—
| APM avg | 48.9 |
| APM peak | 85 |
| eAPM avg | 24.3 |
| Villagers / military | 93 / 188 |
Focus
⚔️ 45.7% · 🌾 54.3%
Archer ×59 · Eagle Scout ×32 · Monk ×30 · Scorpion ×24 · Spearman ×21 · Skirmisher ×9
Match map
Initial resources + every placement click. Lines = walls · curves = elevation contours. ◆ gold · ⬟ stone · ● berries · ✦ relic · ◌ wall gap
Your base· ✓ Closed at 21:59 · 54t walls · 1 gate(s)
Ivancitoxs's base· Open — 7t gap
Smoothed initial terrain · ◌ = detected wall gap · hover for details
Inputs per minute
— Guacamole de Élite - - Ivancitoxs
Build order — Guacamole de Élite
First 150 of 357 actions detected
| 0:02 | Queue | Villager (Male) |
| 0:02 | Queue | Villager (Male) |
| 0:03 | Queue | Villager (Male) |
| 0:03 | Queue | Villager (Male) |
| 0:03 | Queue | Villager (Male) |
| 0:05 | Build | House |
| 0:07 | Build | House |
| 1:29 | Queue | Villager (Male) |
| 1:29 | Queue | Villager (Male) |
| 1:30 | Queue | Villager (Male) |
| 1:30 | Queue | Villager (Male) |
| 1:30 | Queue | Villager (Male) |
| 1:47 | Build | Lumber Camp |
| 2:07 | Queue | Villager (Male) |
| 2:07 | Queue | Villager (Male) |
| 2:07 | Queue | Villager (Male) |
| 2:07 | Queue | Villager (Male) |
| 2:07 | Queue | Villager (Male) |
| 2:30 | Queue | Villager (Male) |
| 2:31 | Queue | Villager (Male) |
| 2:31 | Queue | Villager (Male) |
| 2:54 | Queue | Villager (Male) |
| 2:54 | Queue | Villager (Male) |
| 2:55 | Queue | Villager (Male) |
| 2:55 | Queue | Villager (Male) |
| 3:12 | Queue | Villager (Male) |
| 3:12 | Queue | Villager (Male) |
| 3:12 | Queue | Villager (Male) |
| 3:13 | Queue | Villager (Male) |
| 3:13 | Queue | Villager (Male) |
| 3:41 | Queue | Villager (Male) |
| 3:42 | Queue | Villager (Male) |
| 3:42 | Queue | Villager (Male) |
| 3:42 | Queue | Villager (Male) |
| 3:50 | Build | House |
| 3:51 | Build | House |
| 3:52 | Build | House |
| 3:54 | Build | Palisade Wall |
| 4:09 | Queue | Villager (Male) |
| 4:10 | Queue | Villager (Male) |
| 4:10 | Queue | Villager (Male) |
| 4:10 | Queue | Villager (Male) |
| 4:25 | Build | Mill |
| 4:31 | Queue | Villager (Male) |
| 4:31 | Queue | Villager (Male) |
| 4:32 | Queue | Villager (Male) |
| 4:32 | Queue | Villager (Male) |
| 4:57 | Queue | Villager (Male) |
| 4:57 | Queue | Villager (Male) |
| 4:57 | Queue | Villager (Male) |
| 4:58 | Queue | Villager (Male) |
| 4:58 | Research | Loom |
| 5:17 | Build | Palisade Gate |
| 5:34 | Queue | Villager (Male) |
| 5:35 | Queue | Villager (Male) |
| 5:35 | Queue | Villager (Male) |
| 5:55 | Queue | Villager (Male) |
| 6:27 | Queue | Villager (Male) |
| 6:27 | Queue | Villager (Male) |
| 6:27 | Queue | Villager (Male) |
| 6:54 | Queue | Villager (Male) |
| 7:43 | Build | Barracks |
| 7:46 | Build | Palisade Wall |
| 7:49 | Build | Palisade Wall |
| 7:51 | Build | Palisade Wall |
| 8:06 | Build | Mining Camp |
| 8:26 | Research | Feudal Age |
| 8:37 | Build | Palisade Wall |
| 8:40 | Build | Palisade Wall |
| 8:45 | Queue | Militia |
| 8:45 | Queue | Militia |
| 8:46 | Queue | Militia |
| 8:46 | Queue | Militia |
| 8:46 | Queue | Militia |
| 9:24 | Build | House |
| 9:26 | Build | House |
| 9:57 | Queue | Militia |
| 9:57 | Queue | Militia |
| 10:15 | Build | House |
| 10:16 | Build | House |
| 10:36 | Age | Feudal Age |
| 10:42 | Build | Stone Wall |
| 10:48 | Build | Stone Wall |
| 10:55 | Build | Archery Range |
| 10:57 | Research | Man-at-Arms (upgrade) |
| 11:01 | Research | Double-Bit Axe |
| 11:06 | Queue | Villager (Male) |
| 11:35 | Build | Stone Wall |
| 11:39 | Build | Stone Wall |
| 11:45 | Research | Horse Collar |
| 12:08 | Build | Farm |
| 12:08 | Build | Farm |
| 12:09 | Build | Farm |
| 12:09 | Build | Farm |
| 12:09 | Build | Farm |
| 12:09 | Build | Farm |
| 12:30 | Build | Mill |
| 13:12 | Queue | Skirmisher |
| 13:24 | Build | Farm |
| 13:27 | Build | Farm |
| 13:32 | Build | Farm |
| 13:42 | Queue | Skirmisher |
| 13:46 | Queue | Militia |
| 14:00 | Queue | Skirmisher |
| 14:14 | Build | Farm |
| 14:17 | Build | Farm |
| 14:27 | Queue | Villager (Male) |
| 14:27 | Queue | Villager (Male) |
| 15:24 | Queue | Villager (Male) |
| 15:25 | Queue | Villager (Male) |
| 15:25 | Queue | Villager (Male) |
| 15:25 | Queue | Villager (Male) |
| 15:25 | Queue | Villager (Male) |
| 15:28 | Build | Farm |
| 15:28 | Build | Farm |
| 15:29 | Build | Farm |
| 15:46 | Queue | Skirmisher |
| 15:46 | Queue | Skirmisher |
| 16:01 | Build | Farm |
| 16:06 | Queue | Villager (Male) |
| 16:06 | Queue | Villager (Male) |
| 16:56 | Queue | Villager (Male) |
| 17:05 | Build | Market |
| 17:14 | Build | Palisade Wall |
| 17:36 | Research | Gold Mining |
| 17:43 | Queue | Villager (Male) |
| 18:11 | Build | Mining Camp |
| 18:25 | Queue | Villager (Male) |
| 19:19 | Research | Castle Age |
| 19:19 | Research | Castle Age |
| 19:19 | Research | Castle Age |
| 19:38 | Build | House |
| 19:42 | Build | House |
| 19:43 | Build | House |
| 20:05 | Build | House |
| 20:17 | Build | Blacksmith |
| 21:59 | Age | Castle Age |
| 22:02 | Build | Siege Workshop |
| 22:04 | Queue | Villager (Male) |
| 22:04 | Queue | Villager (Male) |
| 22:06 | Research | Wheelbarrow |
| 22:10 | Research | Forging |
| 22:10 | Research | Scale Mail Armor |
| 22:24 | Research | Long Swordsman (upgrade) |
| 22:51 | Build | Town Center |
| 22:55 | Queue | Mangonel |
| 23:16 | Queue | Villager (Male) |
| 23:16 | Queue | Villager (Male) |
| 23:17 | Research | Town Watch |
| 23:22 | Research | Bow Saw |
Build order — Ivancitoxs
First 150 of 417 actions detected
| 0:02 | Queue | Villager (Male) |
| 0:02 | Queue | Villager (Male) |
| 0:02 | Queue | Villager (Male) |
| 0:04 | Build | House |
| 0:05 | Build | House |
| 0:15 | Queue | Villager (Male) |
| 0:15 | Queue | Villager (Male) |
| 1:34 | Queue | Villager (Male) |
| 1:34 | Queue | Villager (Male) |
| 1:34 | Queue | Villager (Male) |
| 1:58 | Build | Lumber Camp |
| 2:04 | Queue | Villager (Male) |
| 2:04 | Queue | Villager (Male) |
| 2:29 | Queue | Villager (Male) |
| 2:29 | Queue | Villager (Male) |
| 2:29 | Queue | Villager (Male) |
| 2:56 | Queue | Villager (Male) |
| 2:56 | Queue | Villager (Male) |
| 3:14 | Queue | Villager (Male) |
| 3:15 | Queue | Villager (Male) |
| 3:42 | Build | House |
| 3:49 | Queue | Villager (Male) |
| 3:49 | Queue | Villager (Male) |
| 4:08 | Queue | Villager (Male) |
| 4:08 | Queue | Villager (Male) |
| 4:11 | Build | Mill |
| 4:30 | Queue | Villager (Male) |
| 4:30 | Queue | Villager (Male) |
| 4:55 | Queue | Villager (Male) |
| 4:55 | Queue | Villager (Male) |
| 5:25 | Queue | Villager (Male) |
| 5:26 | Queue | Villager (Male) |
| 5:40 | Queue | Villager (Male) |
| 5:40 | Queue | Villager (Male) |
| 6:03 | Build | House |
| 6:59 | Build | Palisade Wall |
| 7:00 | Build | Palisade Wall |
| 7:02 | Build | Palisade Wall |
| 7:06 | Build | Palisade Wall |
| 7:07 | Build | Palisade Wall |
| 7:08 | Build | Palisade Wall |
| 7:46 | Research | Feudal Age |
| 7:48 | Build | Farm |
| 7:48 | Build | Farm |
| 7:48 | Build | Farm |
| 7:49 | Build | Farm |
| 7:49 | Build | Farm |
| 8:22 | Build | Mining Camp |
| 8:40 | Research | Loom |
| 9:32 | Build | Barracks |
| 9:38 | Queue | Villager (Male) |
| 9:38 | Queue | Villager (Male) |
| 9:56 | Age | Feudal Age |
| 10:05 | Queue | Villager (Male) |
| 10:09 | Research | Double-Bit Axe |
| 10:35 | Queue | Villager (Male) |
| 10:36 | Queue | Villager (Male) |
| 10:47 | Build | House |
| 10:49 | Build | Palisade Wall |
| 11:23 | Build | Archery Range |
| 12:15 | Build | Archery Range |
| 12:19 | Queue | Archer |
| 12:19 | Queue | Archer |
| 12:27 | Queue | Villager (Male) |
| 12:27 | Queue | Villager (Male) |
| 12:31 | Build | House |
| 12:34 | Queue | Villager (Male) |
| 12:46 | Queue | Archer |
| 12:46 | Queue | Archer |
| 12:47 | Queue | Archer |
| 12:57 | Build | House |
| 12:58 | Build | House |
| 13:03 | Queue | Archer |
| 13:03 | Queue | Archer |
| 13:03 | Queue | Archer |
| 13:06 | Queue | Villager (Male) |
| 13:06 | Queue | Villager (Male) |
| 13:16 | Queue | Villager (Male) |
| 13:31 | Queue | Archer |
| 13:31 | Queue | Archer |
| 13:36 | Build | House |
| 13:43 | Queue | Archer |
| 13:43 | Queue | Archer |
| 13:50 | Build | House |
| 13:55 | Build | Mill |
| 14:02 | Build | House |
| 14:03 | Build | Palisade Wall |
| 14:10 | Queue | Skirmisher |
| 14:11 | Queue | Skirmisher |
| 14:11 | Queue | Skirmisher |
| 14:20 | Queue | Skirmisher |
| 14:20 | Queue | Archer |
| 14:42 | Queue | Skirmisher |
| 14:42 | Queue | Skirmisher |
| 15:35 | Queue | Villager (Male) |
| 15:36 | Queue | Villager (Male) |
| 15:37 | Build | Farm |
| 15:37 | Build | Farm |
| 15:38 | Build | Farm |
| 15:38 | Build | Farm |
| 15:47 | Queue | Skirmisher |
| 15:47 | Queue | Archer |
| 15:48 | Queue | Skirmisher |
| 15:48 | Queue | Archer |
| 16:02 | Queue | Villager (Male) |
| 16:02 | Queue | Villager (Male) |
| 16:04 | Build | Farm |
| 16:04 | Build | Farm |
| 16:06 | Queue | Villager (Male) |
| 16:06 | Queue | Villager (Male) |
| 16:11 | Queue | Skirmisher |
| 16:11 | Queue | Archer |
| 16:33 | Build | Blacksmith |
| 17:01 | Build | Farm |
| 17:02 | Build | Farm |
| 17:02 | Build | Farm |
| 17:13 | Build | Lumber Camp |
| 17:30 | Queue | Villager (Male) |
| 17:30 | Queue | Villager (Male) |
| 17:40 | Build | House |
| 17:41 | Build | Palisade Wall |
| 17:49 | Queue | Villager (Male) |
| 17:50 | Build | Farm |
| 17:50 | Build | Farm |
| 18:11 | Research | Fletching |
| 18:15 | Queue | Militia |
| 18:15 | Queue | Militia |
| 18:35 | Queue | Villager (Male) |
| 18:35 | Queue | Villager (Male) |
| 18:36 | Build | Farm |
| 18:36 | Build | Farm |
| 18:52 | Build | Blacksmith |
| 18:58 | Build | Market |
| 19:08 | Build | Farm |
| 19:08 | Build | Farm |
| 19:08 | Build | Farm |
| 19:53 | Research | Castle Age |
| 19:53 | Research | Castle Age |
| 19:53 | Research | Castle Age |
| 20:24 | Research | Gold Mining |
| 20:52 | Research | Town Watch |
| 20:52 | Research | Wheelbarrow |
| 20:59 | Build | Palisade Wall |
| 21:12 | Build | Palisade Gate |
| 21:16 | Build | House |
| 21:33 | Build | House |
| 21:34 | Build | House |
| 21:35 | Build | House |
| 21:36 | Build | House |
| 21:39 | Build | House |
Match timeline
| 3:54 | Guacamole de Élite · wall_segment Palisade Wall x1 |
| 6:59 | Ivancitoxs · wall_segment Palisade Wall x1 |
| 7:00 | Ivancitoxs · wall_segment Palisade Wall x1 |
| 7:02 | Ivancitoxs · wall_segment Palisade Wall x1 |
| 7:06 | Ivancitoxs · wall_segment Palisade Wall x1 |
| 7:07 | Ivancitoxs · wall_segment Palisade Wall x1 |
| 7:08 | Ivancitoxs · wall_segment Palisade Wall x1 |
| 7:43 | Guacamole de Élite · first_building Barracks |
| 7:46 | Guacamole de Élite · wall_segment Palisade Wall x1 |
| 7:49 | Guacamole de Élite · wall_segment Palisade Wall x1 |
| 7:51 | Guacamole de Élite · wall_segment Palisade Wall x1 |
| 8:37 | Guacamole de Élite · wall_segment Palisade Wall x9 |
| 8:40 | Guacamole de Élite · wall_segment Palisade Wall x4 |
| 9:32 | Ivancitoxs · first_building Barracks |
| 9:56 | Ivancitoxs · age_up feudal |
| 10:36 | Guacamole de Élite · age_up feudal |
| 10:42 | Guacamole de Élite · wall_segment Stone Wall x6 |
| 10:48 | Guacamole de Élite · wall_segment Stone Wall x10 |
| 10:49 | Ivancitoxs · wall_segment Palisade Wall x1 |
| 10:55 | Guacamole de Élite · first_building Archery Range |
| 11:23 | Ivancitoxs · first_building Archery Range |
| 11:35 | Guacamole de Élite · wall_segment Stone Wall x12 |
| 11:39 | Guacamole de Élite · wall_segment Stone Wall x8 |
| 14:03 | Ivancitoxs · wall_segment Palisade Wall x4 |
| 17:14 | Guacamole de Élite · wall_segment Palisade Wall x1 |
| 17:41 | Ivancitoxs · wall_segment Palisade Wall x9 |
| 19:08 | Guacamole de Élite · first_market_buy 100 food |
| 19:51 | Ivancitoxs · first_market_buy 100 food |
| 20:59 | Ivancitoxs · wall_segment Palisade Wall x1 |
| 21:59 | Guacamole de Élite · age_up castle |
| 22:02 | Guacamole de Élite · first_building Siege Workshop |
| 22:33 | Ivancitoxs · age_up castle |
| 22:35 | Ivancitoxs · first_building Monastery |
| 22:51 | Ivancitoxs · first_building Siege Workshop |
| 24:23 | Ivancitoxs · wall_segment Palisade Wall x1 |
| 24:24 | Ivancitoxs · wall_segment Palisade Wall x1 |
| 24:26 | Ivancitoxs · wall_segment Palisade Wall x1 |
| 26:31 | Guacamole de Élite · first_building Stable |
| 31:39 | Guacamole de Élite · first_building Castle |
| 36:44 | Guacamole de Élite · first_market_sell 100 food |
| 39:57 | Guacamole de Élite · age_up imperial |
| 43:29 | Ivancitoxs · first_market_sell 100 wood |
| 43:44 | Guacamole de Élite · wall_segment Stone Wall x5 |
| 43:51 | Ivancitoxs · first_building Castle |
| 50:27 | Ivancitoxs · resign |
[ AI ANALYSIS · 1 CREDIT ]
What really happened in this match?
Wolo.gg analyzes every decision: build order, eco, micro, common mistakes by bracket. Personalized analysis on WhatsApp or Discord in 30 seconds.
Civ guide
Celts
Perfil
Taco al pastor